 Dungeon Crawl Stone Soup version 0.27-a0-1158-gaa87e14f67 (webtiles) character file.

Game seed: 14714224660295128433

5 freelancePsychic the Cudgeller (level 1, 0/16 HPs)
             Began as a Djinni Wanderer on May 16, 2021.
             Slain by a quokka (3 damage)
             ... on level 1 of the Dungeon.
             The game lasted 00:01:19 (447 turns).

freelancePsychic the Cudgeller (Djinni Wanderer)     Turns: 447, Time: 00:01:19

Health: 0/16       AC:  2    Str: 10    XL:     1   Next: 88%
Gold:   31         EV: 11    Int: 16    God:
                   SH:  0    Dex: 10

rFire    + + .     SeeInvis .   a - +2 mace
rCold    x . .     Faith    .   (no shield)
rNeg     . . .     Spirit   .   d - +0 robe
rPois    ∞         Reflect  .   (no helmet)
rElec    .         Harm     .   (no cloak)
rCorr    .         Rampage  .   (no gloves)
Will     .....                  (boots unavailable)
Stlth    +.........             (no amulet)
HPRegen  0.05/turn              (no ring)
MPRegen  0.00/turn              (no ring)

@: flying
A: sickness immunity, fire resistance 2, cold vulnerability 1, float, innate
caster, hp casting, extra vitality 1
a: no special abilities


You were on level 1 of the Dungeon.
You visited 1 branch of the dungeon, and saw 1 of its levels.

You collected 31 gold pieces.

Inventory:

Hand Weapons
 a - a +2 mace (weapon)
Armour
 d - a +0 robe (worn)
Potions
 c - a potion of lignification


   Skills:
 + Level 0.5 Fighting
 - Level 3.2 Maces & Flails
 - Level 1.0 Throwing
 - Level 1.0 Armour
 - Level 1.0 Stealth
 * Level 2.6 Spellcasting


You had one spell level left.
You knew the following spells:

 Your Spells              Type           Power      Damage    Failure   Level
a - Sandblast             Erth           20%        2d7       7%          1
b - Stone Arrow           Conj/Erth      20%        3d8       21%         3
Your spell library was empty.

Dungeon Overview and Level Annotations

Branches:
Dungeon (1/15)

Altars:


Innate Abilities, Weirdness & Mutations

You are immune to sickness and miasma.
You are immune to poison.
Your flesh is very heat resistant. (rF++)
You are vulnerable to cold. (rC-)
You float through the air rather than walking.
You learn spells naturally, not from books.
Your magical power is your life essence.
You have superior vitality. (+4 HP)


Message History

The gnoll shouts!
A quokka comes into view.
The quokka twitches its whiskers.
You don't have any stones to cast with.
You hit the gnoll but do no damage. The gnoll hits you with a +0 flail!
Ouch! That really hurt!
* * * LOW HITPOINT WARNING * * *
Found a faded altar of an unknown god.
The quokka evades a web.
The quokka twitches its whiskers.
A frilled lizard comes into view.
A frilled lizard comes into view.
The frilled lizard hisses angrily.
The frilled lizard bites you. The frilled lizard barely misses you.
The quokka closely misses you.
Casting: Sandblast (safe; 7% risk of failure)
Confirm with . or Enter, or press ? or * to list all spells.
Okay, then.
You reach down and open the door.
A ball python, a goblin and a kobold come into view.
The goblin shouts!
The frilled lizard barely misses you.
The kobold shouts!
There is an open door here.
The ball python hisses angrily.
The quokka closely misses you. The ball python bites you.
* * * LOW HITPOINT WARNING * * *
The ball python grabs you. The ball python constricts you.
You reach down and open the door.
The ball python barely misses you. The ball python constricts you.
The goblin barely misses you. The ball python barely misses you.
The ball python constricts you.
The ball python's grasp on you weakens, but your attempt to escape fails.
The goblin hits you with a +0 club.
* * * LOW HITPOINT WARNING * * *
The ball python misses you. The ball python constricts you.
You escape the ball python's grasp.
There is an open door here.
The quokka bites you.
You die...

#.### #....#.#######..#####.
....# #......# #........
#.#.# ####.### #.#######
#.#.# #.# ##'## #.#.# ###.#
##...## #)#.# ##.#.#
##g....## #.#.# #....##
##ll.....#
..#.######....####g........#
................@rS........+
....######....####K........#
#.### #.#.## ##.......## ..#
#.### ##.....## ### #.#
##...## #.# #+## #.# .#


You could see a gnoll, a quokka, a goblin, a ball python, a kobold and 2 frilled
lizards.

Vanquished Creatures
  An endoplasm (D:1)
  A goblin (D:1)
  2 hobgoblins (D:1)
4 creatures vanquished.

Notes
Turn   | Place    | Note
-------+----------+-------------------------------------------
     0 | D:1      | freelancePsychic the Djinni Wanderer began the quest for
                  | the Orb.
     0 | D:1      | Reached XP level 1. HP: 15/15 MP: 0/0
   413 | D:1      | Found a faded altar of an unknown god.
   447 | D:1      | Slain by a quokka

Illustrated notes

Levels and vault maps discovered:
D:1:      roderic_chinese_lattice_arrival, layout_loops_corners,
          ebering_ecumenical_altar_webs

Action                   || total
-------------------------++-------
Melee: Mace              ||    11
  Use: Scroll            ||     1
Armor: Robe              ||     2
Dodge: Dodged            ||    10

Table legend: (Time is in decaauts)
 A = Elapsed time spent in this place.
 B = Non-inter-level travel time spent in this place.
 C = Inter-level travel time spent in this place.
 D = Time resting spent in this place.
 E = Time spent auto-exploring this place.
 F = Levels seen in this place.
 G = Mean time per level.
                   A        B        C        D        E       F      G
               +--------+--------+--------+--------+--------+-----+--------+
         Total |    449 |    449 |      0 |      0 |    335 |   1 |  449.0 |
       Dungeon |    449 |    449 |      0 |      0 |    335 |   1 |  449.0 |
               +--------+--------+--------+--------+--------+-----+--------+

Top non-repeatable levels by time:
     D:1: 449 daAuts
